 Dungeon Crawl Stone Soup version 0.25.1-8-g42b30a86e7 (webtiles) character file.

Game seed: 6435917483509553015

1444 hawla the Geomancer (level 8, -1/41 HPs)
             Began as a Gargoyle Earth Elementalist on Dec 22, 2020.
             Slain by a gnoll sergeant
             ... wielding a +0 trident
              (3 damage)
             ... on level 6 of the Dungeon.
             The game lasted 00:17:59 (7088 turns).

hawla the Geomancer (Gargoyle Earth Elementalist)   Turns: 7088, Time: 00:18:01

Health: -1/41      AC: 17    Str: 12    XL:     8   Next: 74%
Magic:  15/17      EV: 12    Int: 18    God:
Gold:   382        SH:  0    Dex: 10    Spells: 15/19 levels left

rFire    + + +     SeeInvis +   g - +0 quarterstaff
rCold    . . .     Gourm    .   (shield currently unavailable)
rNeg     + . .     Faith    .   h - +2 robe {MR+}
rPois    ∞         Spirit   .   A - +0 helmet
rElec    +         Reflect  .   t - +1 cloak
rCorr    .         Harm     .   E - +0 pair of gloves "Uttosmeo" {-Tele rF+++ Slay-3 SInv}
MR       +....     NoTele   +   (no boots)
Stlth    ++........             (no amulet)
HPRegen  0.13/turn              s - +4 ring of protection
MPRegen  0.15/turn              (no ring)

@: no status effects
A: negative energy resistance 1, electricity resistance, unbreathing,
petrification resistance, rot immunity, AC +5
a: no special abilities


You were on level 6 of the Dungeon.
You were not hungry.

You visited 1 branch of the dungeon, and saw 6 of its levels.

You collected 382 gold pieces.

Inventory:

Hand Weapons
 g - a +0 quarterstaff (weapon)
 i - a +1 whip of flaming
 G - a +0 giant spiked club
Missiles
 b - 198 stones (quivered)
 w - 14 boomerangs
 F - 2 silver boomerangs
Armour
 h - a +2 robe of magic resistance (worn)
 t - a +1 cloak (worn)
 y - a +2 tower shield
 A - a +0 helmet (worn)
 E - the +0 pair of gloves "Uttosmeo" (worn) {-Tele rF+++ Slay-3 SInv}
   (You found it on level 5 of the Dungeon)

   It affects your accuracy and damage with ranged weapons and melee attacks
   (-3).
   It renders you almost immune to fire.
   It lets you see invisible.
   It prevents most forms of teleportation.
Magical Staves
 n - an uncursed staff of fire
 C - an uncursed staff of summoning
Jewellery
 c - an uncursed amulet of faith
 s - a +4 ring of protection (left hand)
Wands
 a - a wand of disintegration (17)
 m - a wand of flame (16)
 q - a wand of enslavement (5)
 I - a wand of polymorph (11)
Scrolls
 f - 4 scrolls of identify
 l - a scroll of teleportation
 p - a scroll of remove curse
 r - a scroll of random uselessness {unknown}
 v - 3 scrolls of fear {unknown}
 z - 2 scrolls of enchant weapon {unknown}
 B - a scroll of blinking {unknown}
Potions
 o - 2 potions of magic
 u - 3 potions of haste {unknown}
 x - 2 potions of brilliance {unknown}
 D - a potion of flight {unknown}
 H - 2 potions of cancellation {unknown}
Comestibles
 d - 6 rations
 J - 3 chunks of flesh


   Skills:
 - Level 1.5 Dodging
 - Level 2.1 Stealth
 + Level 6.0 Spellcasting
 + Level 5.9 Conjurations
   Level 0.7 Transmutations
 + Level 8.4 Earth Magic


You had 15 spell levels left.
You knew the following spells:

 Your Spells              Type           Power        Failure   Level  Hunger
a - Sandblast             Erth           #####.       1%          1    None
b - Stone Arrow           Conj/Erth      ####..       1%          3    ##.....

Your spell library contained the following spells:

 Spells                   Type           Power        Failure   Level  Hunger
 Passwall                 Tmut/Erth      ###.....     2%          2    None
 Lee's Rapid Deconstruct  Erth           #####.....   11%         5    #####..
 Animate Skeleton         Necr           N/A          12%         1    None
 Apportation              Tloc           #.....       12%         1    None
 Corona                   Hex            #......      12%         1    None
 Summon Small Mammal      Summ           #...         12%         1    None
 Petrify                  Tmut/Erth      ###.....     19%         4    ####...


Dungeon Overview and Level Annotations

Branches:
Dungeon (6/15)
 Temple: D:4-7

Altars:
Gozag
Wu Jian
Xom

Annotations:
D:3 2 runed translucent doors, Darthemius's ghost, amateur GnWr
D:6 Prince Ribbit


Innate Abilities, Weirdness & Mutations

You are resistant to torment.
Your stone body is resilient. (AC +5)
You are immune to poison.
You resist negative energy. (rN+)
You are resistant to electric shocks. (rElec)
You can survive without breathing.
You are immune to petrification.
You are immune to rotting.


Message History

The big kobold hits you with a +0 short sword.
* * * LOW HITPOINT WARNING * * *
The gnoll closely misses you. The hound bites you but does no damage.
The gnoll sergeant hits you but does no damage.
Okay, then.
Drop what? 33/52 slots (_ for help) (? for menu, Esc to quit)
Okay, then.
Take off which item? (? for menu, Esc to quit)
Keep disrobing?
The hound bites you.
* * * LOW HITPOINT WARNING * * *
The big kobold barely misses you. The gnoll closely misses you.
The gnoll sergeant closely misses you.
You start removing your armour.
You continue taking off the +0 pair of gloves "Uttosmeo" {-Tele rF+++ Slay-3 SInv}.
The hound bites you but does no damage. The big kobold misses you.
The hound closely misses you. The gnoll closely misses you.
You continue taking off the +0 pair of gloves "Uttosmeo" {-Tele rF+++ Slay-3 SInv}.
The gnoll sergeant hits you from afar with a +0 trident.
You die...

.....^..........#####
#..p......
....P.P....)........##
##p......#
.P..P♣P♣P.....P.P....##
##.....##
♣P..PP♣PP.....P♣P.....#
#######
♣♣..P♣♣♣♣....♣PPP♣P...#
*#####**##'''#PPPPP...##
,gggKg,,,#...#P♣♣♣P♣...#
,Khog.,,,#.>.#####♣PP..#
,,,,,,,,,#...#Kg@#♣P♣..#
,,,,,,,,,#...#KhK#♣PP..#
##''########'#gog#PP♣..#
.....†...o.K.'...#.....#
...........).O...#.....#
########################


You could see a big kobold, an ogre (wandering), a gnoll sergeant, a hound, an
orc priest, a gnoll, a hobgoblin and 2 kobolds.

Vanquished Creatures
  Pikel (D:6)
  An orc warrior (D:5)
  An ogre (D:4)
  3 bullfrogs
  2 howler monkeys (D:6)
  2 crimson imps
  A bullfrog zombie (D:6)
  2 hounds
  A centaur skeleton (D:4)
  2 orc wizards
  A hound zombie (D:6)
  A hound skeleton (D:5)
  Robin (D:4)
  A howler monkey zombie (D:5)
  8 gnolls
  8 adders
  An ooze (D:6)
  2 adder skeletons
  2 worms
  3 dart slugs
  11 orcs
  3 giant cockroaches
  10 goblins
  18 hobgoblins
  8 jackals
  3 quokkas
  A ball python (D:1)
  A ball python skeleton (D:6)
  7 bats
  3 frilled lizards
  6 kobolds
  A leopard gecko skeleton (D:4)
  A quokka skeleton (D:5)
  3 rats
120 creatures vanquished.

Vanquished Creatures (others)
  2 slaves (D:6)
  A gnoll (D:6)
3 creatures vanquished.

Grand Total: 123 creatures vanquished

Notes
Turn   | Place    | Note
-------+----------+-------------------------------------------
     0 | D:1      | hawla the Gargoyle Earth Elementalist began the quest for
                  | the Orb.
     0 | D:1      | Reached XP level 1. HP: 10/10 MP: 3/3
   179 | D:1      | Reached XP level 2. HP: 15/15 MP: 0/5
   296 | D:1      | Reached skill level 4 in Earth Magic
   948 | D:1      | Reached XP level 3. HP: 9/19 MP: 4/6
  1347 | D:2      | Found an opulent altar of Gozag.
  1481 | D:2      | Found a faded altar of an unknown god.
  1654 | D:2      | Found a stormy altar of Qazlal.
  1656 | D:2      | Found a white marble altar of Elyvilon.
  1656 | D:2      | Found a basalt altar of Yredelemnul.
  1658 | D:2      | Found a radiant altar of Vehumet.
  1658 | D:2      | Found an opulent altar of Gozag.
  1658 | D:2      | Found a shimmering altar of Xom.
  2421 | D:3      | Reached XP level 4. HP: 24/24 MP: 6/8
  2879 | D:3      | Reached skill level 5 in Earth Magic
  3203 | D:3      | Found a large runed translucent door.
  3204 | D:3      | Found a large runed translucent door.
  3205 | D:3      | Noticed Darthemius's ghost (amateur GnWr)
  3407 | D:4      | Learned a level 3 spell: Stone Arrow
  3700 | D:4      | Reached XP level 5. HP: 23/28 MP: 10/10
  3787 | D:4      | Reached skill level 1 in Conjurations
  4010 | D:4      | Noticed Robin
  4047 | D:4      | Killed Robin
  4274 | D:5      | Entered Level 5 of the Dungeon
  4274 | D:5      | Noticed an ogre
  4279 | D:4      | Killed an ogre
  4279 | D:4      | Reached XP level 6. HP: 23/32 MP: 1/12
  4370 | D:5      | Reached skill level 6 in Earth Magic
  5034 | D:5      | Found an ornate altar of the Wu Jian Council.
  5344 | D:5      | Got a pair of polished gloves
  5350 | D:5      | Identified the cursed +0 pair of gloves "Uttosmeo" {-Tele
                  | rF+++ Slay-3 SInv} (You found it on level 5 of the Dungeon)
  5513 | D:6      | Reached XP level 7. HP: 15/36 MP: 6/13
  5856 | D:5      | Reached skill level 5 in Spellcasting
  5856 | D:5      | Reached skill level 7 in Earth Magic
  6130 | D:6      | Noticed Pikel
  6133 | D:6      | Noticed Prince Ribbit
  6207 | D:6      | Killed Pikel
  6207 | D:6      | Reached skill level 5 in Conjurations
  6207 | D:6      | Reached skill level 8 in Earth Magic
  6207 | D:6      | Reached XP level 8. HP: 26/41 MP: 1/16
  6233 | D:6      | HP: 2/41 [Prince Ribbit (14)]
  7086 | D:6      | HP: 2/41 [hound (1)]
  7088 | D:6      | Slain by a gnoll sergeant

Illustrated notes

Levels and vault maps discovered:
D:1:      lightli_arrival_maybe_door_vault, layout_loops_ring, minmay_domino_4
D:2:      layout_rooms, nicolae_gozag_cash_rules_everything_around_me,
          doesnt_xom_only_xom, chequers_ecumenical_altar_simple_redux
D:3:      layout_loops_corners, first_ration, ebering_ghost_disaster_area
D:4:      layout_basic, uniq_robin
D:5:      layout_loops_ring, nicolae_overflow_crystal_walls, dk_noncrumbling_3
D:6:      kennysheep_housing_project, layout_rooms, uniq_duvessa,
          uniq_crazy_yiuf_cottage, uniq_prince_ribbit1, uniq_grinder, uniq_pikel

Skill      XL: |  1  2  3  4  5  6  7  8 |
---------------+-------------------------+-----
Earth Magic    | 4 5 6 8 |  8.4
Spellcasting   | 3 4 5 6 |  6.0
Conjurations   | 2 3 5 |  5.9
Dodging        | |  1.5
Stealth        | |  2.1
Transmutations | |  0.7

Action                   |  1- 3 |  4- 6 |  7- 9 || total
-------------------------+-------+-------+-------++-------
Melee: Unarmed           |     1 |       |       ||     1
       Whip              |    33 |       |       ||    33
       Hand axe          |    21 |       |       ||    21
       Staff             |    47 |    78 |       ||   125
       Quarterstaff      |    41 |   143 |    65 ||   249
 Cast: Sandblast         |    13 |    11 |    21 ||    45
       Stone Arrow       |       |    15 |    34 ||    49
  Use: Potion            |       |       |     5 ||     5
       Scroll            |       |       |     5 ||     5
 Stab: Sleeping          |     4 |     2 |       ||     6
  Eat: Chunk             |     5 |    10 |     5 ||    20
       Ration            |       |       |     1 ||     1
Armor: Robe              |    65 |   120 |   145 ||   330
Dodge: Dodged            |   124 |   148 |   173 ||   445
